EVO
CLEMSON UNIVERSITY TIGERS @ WASHINGTON STATE UNIVERSITY COUGARS
08/04/2048
 
TOP OF THE 1ST
Clemson University Tigers batting - Pitching for Washington State University Cougars : RHP Briruc Fenuku
Pitching: RHP Briruc Fenuku
Batting: LHB Mario Nunez 0-0: Ball
1-0: Ball
2-0: Ball
3-0: Base on Balls
Batting: LHB Steve Gates 0-0: Ball
1-0: Ball
2-0: Ball
3-0: Called Strike
3-1: Base on Balls
Mario Nunez to second
Batting: RHB Marco Maggs 0-0: Fly out, F9 (Flyball, 9LSF, EV 81.9 MPH)
Batting: RHB David Rhodes 0-0: Called Strike
0-1: DOUBLE (Flyball, 8LD, EV 85.0 MPH)
Mario Nunez scores
Steve Gates to third
Batting: RHB Josh LeSage 0-0: Ball
1-0: Foul Ball, location: 2F
1-1: Foul Ball, location: 2F
1-2: Strikes out swinging
Batting: RHB Jason Duncan 0-0: Called Strike
0-1: Called Strike
0-2: Strikes out swinging
Top of the 1st over - 1 run, 1 hit, 0 errors, 2 left on base; Clemson University 1 - Washington State University 0
BOTTOM OF THE 1ST
Washington State University Cougars batting - Pitching for Clemson University Tigers : RHP John Turner
Pitching: RHP John Turner
Batting: LHB David Jackson 0-0: Ball
1-0: Foul Ball, location: 2F
1-1: Foul Ball, location: 2F
1-2: Foul Ball, location: 2F
1-2: Foul Ball, location: 2F
1-2: Ball
2-2: Ball
3-2: Ground out 3-1 (Groundball, 34S, EV 82.5 MPH)
Batting: RHB Mas Langat 0-0: Ball
1-0: SINGLE (Groundball, 6D, EV 108.1 MPH)
Batting: LHB Scott Spillers 0-0: Ball
1-0: Foul Ball, location: 2F
1-1: Foul Ball, location: 2F
1-2: Grounds into double play, 4-6-3 (Groundball, 4, EV 92.5 MPH)
Bottom of the 1st over - 0 runs, 1 hit, 0 errors, 0 left on base; Clemson University 1 - Washington State University 0
TOP OF THE 2ND
Clemson University Tigers batting - Pitching for Washington State University Cougars : RHP Briruc Fenuku
Batting: LHB George Jedinak 0-0: Called Strike
0-1: Foul Ball, location: 2F
0-2: Ball
1-2: Ball
2-2: Foul Ball, location: 2F
2-2: Strikes out swinging
Batting: RHB Jose Rolon 0-0: Swinging Strike
0-1: Foul Ball, location: 2F
0-2: Foul Ball, location: 2F
0-2: Strikes out swinging
Batting: RHB Willis Suarez 0-0: Ball
1-0: Foul Ball, location: 2F
1-1: Foul Ball, location: 2F
1-2: Strikes out swinging
Top of the 2nd over - 0 runs, 0 hits, 0 errors, 0 left on base; Clemson University 1 - Washington State University 0
BOTTOM OF THE 2ND
Washington State University Cougars batting - Pitching for Clemson University Tigers : RHP John Turner
Batting: SHB Juan Delanoval 0-0: Swinging Strike
0-1: Swinging Strike
0-2: Foul Ball, location: 2F
0-2: Ball
1-2: Strikes out looking
Batting: LHB Israel Ariza 0-0: Ground out 3-1 (Groundball, 34S, EV 91.9 MPH)
Batting: RHB Wil Gonzales 0-0: Called Strike
0-1: Ball
1-1: Foul Ball, location: 2F
1-2: Foul Ball, location: 2F
1-2: SINGLE (Groundball, 34D, EV 94.4 MPH)
Batting: RHB Rafael Collyer 0-0: Swinging Strike
0-1: Fly out, F4 (Line Drive, 4, EV 64.4 MPH)
Bottom of the 2nd over - 0 runs, 1 hit, 0 errors, 1 left on base; Clemson University 1 - Washington State University 0
TOP OF THE 3RD
Clemson University Tigers batting - Pitching for Washington State University Cougars : RHP Briruc Fenuku
Batting: LHB Mario Nunez 0-0: Ball
1-0: Ball
2-0: Called Strike
2-1: Swinging Strike
2-2: Strikes out swinging
Batting: LHB Steve Gates 0-0: Swinging Strike
0-1: Swinging Strike
0-2: Ball
1-2: Foul Ball, location: 2F
1-2: Ball
2-2: Strikes out looking
Batting: RHB Marco Maggs 0-0: Ball
1-0: Ball
2-0: Foul Ball, location: 2F
2-1: Fly out, F8 (Flyball, 78S, EV 92.5 MPH)
Top of the 3rd over - 0 runs, 0 hits, 0 errors, 0 left on base; Clemson University 1 - Washington State University 0
BOTTOM OF THE 3RD
Washington State University Cougars batting - Pitching for Clemson University Tigers : RHP John Turner
Batting: RHB Ryan Toth 0-0: Called Strike
0-1: Reached on error, E6 (Groundball, 6, EV 111.2 MPH)
Batting: RHB Joe Weber 0-0: Called Strike
0-1: Swinging Strike
0-2: Ball
1-2: Strikes out swinging
Batting: LHB David Jackson 0-0: Called Strike
0-1: Ball
1-1: Foul Ball, location: 2F
1-2: Ground out 6-3 (Groundball, 6M, EV 100.6 MPH)
Ryan Toth to second
Batting: RHB Mas Langat 0-0: Ball
1-0: Ball
2-0: Foul Ball, location: 2F
2-1: Foul Ball, location: 2F
2-2: Foul Ball, location: 2F
2-2: Foul Ball, location: 2F
2-2: Ball
3-2: Fly out, F9 (Line Drive, 9, EV 88.8 MPH)
Bottom of the 3rd over - 0 runs, 0 hits, 1 error, 1 left on base; Clemson University 1 - Washington State University 0
TOP OF THE 4TH
Clemson University Tigers batting - Pitching for Washington State University Cougars : RHP Briruc Fenuku
Batting: RHB David Rhodes 0-0: Ball
1-0: Ball
2-0: Called Strike
2-1: Called Strike
2-2: Ground out U3 (Groundball, 34S, EV 89.4 MPH)
Batting: RHB Josh LeSage 0-0: Called Strike
0-1: Ball
1-1: Ball
2-1: Swinging Strike
2-2: Ball
3-2: Strikes out swinging
Batting: RHB Jason Duncan 0-0: Ball
1-0: Swinging Strike
1-1: Called Strike
1-2: Ground out 6-3 (Groundball, 56, EV 80.6 MPH)
Top of the 4th over - 0 runs, 0 hits, 0 errors, 0 left on base; Clemson University 1 - Washington State University 0
BOTTOM OF THE 4TH
Washington State University Cougars batting - Pitching for Clemson University Tigers : RHP John Turner
Batting: LHB Scott Spillers 0-0: Ball
1-0: DOUBLE (Line Drive, 7LS, EV 98.8 MPH)
Batting: SHB Juan Delanoval 0-0: Foul Ball, location: 2F
0-1: Called Strike
0-2: Foul Ball, location: 2F
0-2: Ball
1-2: Ball
2-2: Ground out 4-3 (Groundball, 4D, EV 85.0 MPH)
Scott Spillers to third
Batting: LHB Israel Ariza 0-0: Ball
1-0: Foul Ball, location: 2F
1-1: Ground out 4-3 (Groundball, 4, EV 90.6 MPH)
Batting: RHB Wil Gonzales 0-0: Called Strike
0-1: Ball
1-1: Ball
2-1: Foul Ball, location: 2F
2-2: Ball
3-2: Strikes out swinging
Bottom of the 4th over - 0 runs, 1 hit, 0 errors, 1 left on base; Clemson University 1 - Washington State University 0
TOP OF THE 5TH
Clemson University Tigers batting - Pitching for Washington State University Cougars : RHP Briruc Fenuku
Now at 3B: Rex Creswell
Now in LF: Willy Berrios
Batting: LHB George Jedinak 0-0: Called Strike
0-1: Foul Ball, location: 2F
0-2: Foul Ball, location: 2F
0-2: Strikes out swinging
Batting: RHB Jose Rolon 0-0: Swinging Strike
0-1: Ball
1-1: Called Strike
1-2: Ball
2-2: Strikes out swinging
Batting: RHB Willis Suarez 0-0: Ball
1-0: Foul Ball, location: 2F
1-1: Fly out, F8 (Flyball, 8RM, EV 78.1 MPH)
Top of the 5th over - 0 runs, 0 hits, 0 errors, 0 left on base; Clemson University 1 - Washington State University 0
BOTTOM OF THE 5TH
Washington State University Cougars batting - Pitching for Clemson University Tigers : RHP John Turner
Pitching: RHP Cong Tung
Batting: RHB Rafael Collyer 0-0: Ball
1-0: Swinging Strike
1-1: Swinging Strike
1-2: Ball
2-2: Ball
3-2: Strikes out swinging
Batting: RHB Ryan Toth 0-0: Called Strike
0-1: Ball
1-1: Called Strike
1-2: Strikes out swinging
Batting: RHB Joe Weber 0-0: Called Strike
0-1: Swinging Strike
0-2: Ball
1-2: Foul Ball, location: 2F
1-2: Strikes out swinging
Bottom of the 5th over - 0 runs, 0 hits, 0 errors, 0 left on base; Clemson University 1 - Washington State University 0
TOP OF THE 6TH
Clemson University Tigers batting - Pitching for Washington State University Cougars : RHP Briruc Fenuku
Pitching: RHP Jose Conejo
Now at 1B: Manny Serrano
Now in LF: Miguel Paredes
Now in RF: Willy Berrios
Batting: LHB Mario Nunez 0-0: Ball
1-0: Ball
2-0: Ball
3-0: Called Strike
3-1: Fly out, F4 (Popup, 34D, EV 57.5 MPH)
Batting: LHB Steve Gates 0-0: Called Strike
0-1: Swinging Strike
0-2: Strikes out swinging
Batting: RHB Marco Maggs 0-0: Ball
1-0: Ball
2-0: Foul Ball, location: 2F
2-1: Called Strike
2-2: Strikes out swinging
Top of the 6th over - 0 runs, 0 hits, 0 errors, 0 left on base; Clemson University 1 - Washington State University 0
BOTTOM OF THE 6TH
Washington State University Cougars batting - Pitching for Clemson University Tigers : RHP Cong Tung
Pitching: RHP Richard Clements
Batting: LHB Rex Creswell 0-0: Ball
1-0: Foul Ball, location: 2F
1-1: Swinging Strike
1-2: Strikes out swinging
Pinch Hitting: RHB Ron Essink 0-0: Called Strike
0-1: Foul Ball, location: 2F
0-2: Foul Ball, location: 2F
0-2: Ball
1-2: Ball
2-2: Foul Ball, location: 2F
2-2: Foul Ball, location: 2F
2-2: Foul Ball, location: 2F
2-2: Foul Ball, location: 2F
2-2: Foul Ball, location: 2F
2-2: Strikes out swinging
Batting: RHB Miguel Paredes 0-0: Called Strike
0-1: Ball
1-1: Ball
2-1: Fly out, F8 (Line Drive, 8LD, EV 93.8 MPH)
Bottom of the 6th over - 0 runs, 0 hits, 0 errors, 0 left on base; Clemson University 1 - Washington State University 0
TOP OF THE 7TH
Clemson University Tigers batting - Pitching for Washington State University Cougars : RHP Jose Conejo
Pitching: RHP Joaquin Adame
Now at SS: Ron Essink
Batting: RHB David Rhodes 0-0: Ball
1-0: Foul Ball, location: 2F
1-1: Called Strike
1-2: Fly out, F9 (Flyball, 9, EV 83.1 MPH)
Batting: RHB Josh LeSage 0-0: Ball
1-0: Called Strike
1-1: Foul Ball, location: 2F
1-2: Strikes out swinging, 2-3 out at first.
Batting: RHB Jason Duncan 0-0: Swinging Strike
0-1: Ball
1-1: Called Strike
1-2: Fly out, F4 (Line Drive, 4, EV 70.6 MPH)
Top of the 7th over - 0 runs, 0 hits, 0 errors, 0 left on base; Clemson University 1 - Washington State University 0
BOTTOM OF THE 7TH
Washington State University Cougars batting - Pitching for Clemson University Tigers : RHP Richard Clements
Pitching: RHP Ahto Selin
Batting: SHB Juan Delanoval 0-0: Ball
1-0: Ball
2-0: Ball
3-0: Base on Balls
Pinch Hitting: RHB Arthur Scholten 0-0: Swinging Strike
0-1: Foul Ball, location: 2F
0-2: Strikes out swinging
Batting: LHB Willy Berrios 0-0: Ball
Juan Delanoval steals 2nd base
1-0: Called Strike
1-1: Ball
2-1: Swinging Strike
2-2: Foul Ball, location: 2F
2-2: Foul Ball, location: 2F
2-2: Strikes out swinging, 2-3 out at first.
Batting: RHB Randolph Batten 0-0: Ball
1-0: Called Strike
1-1: Foul Ball, location: 2F
1-2: SINGLE (Line Drive, 34D, EV 106.9 MPH)
Juan Delanoval to third
Pinch Hitting: LHB Jose Aceves 0-0: Ball
1-0: Swinging Strike
1-1: Swinging Strike
1-2: Foul Ball, location: 2F
1-2: Strikes out swinging
Bottom of the 7th over - 0 runs, 1 hit, 0 errors, 2 left on base; Clemson University 1 - Washington State University 0
TOP OF THE 8TH
Clemson University Tigers batting - Pitching for Washington State University Cougars : RHP Joaquin Adame
Pitching: LHP Scott Purcell
Now at 1B: Ramiro Castillo
Now at 2B: Jose Aceves
Batting: LHB George Jedinak 0-0: Called Strike
0-1: Foul Ball, location: 2F
0-2: Ball
1-2: Foul Ball, location: 2F
1-2: Ball
2-2: Foul Ball, location: 2F
2-2: Ball
3-2: Fly out, F8 (Flyball, 78M, EV 91.2 MPH)
Batting: RHB Jose Rolon 0-0: Swinging Strike
0-1: Ball
1-1: Foul Ball, location: 2F
1-2: Foul Ball, location: 2F
1-2: Strikes out swinging
Pitching: RHP Manuel Santiago
Batting: RHB Willis Suarez 0-0: Called Strike
0-1: Swinging Strike
0-2: Ball
1-2: Strikes out swinging
Top of the 8th over - 0 runs, 0 hits, 0 errors, 0 left on base; Clemson University 1 - Washington State University 0
BOTTOM OF THE 8TH
Washington State University Cougars batting - Pitching for Clemson University Tigers : RHP Ahto Selin
Pitching: LHP Jonathan Hughes
Batting: RHB Joe Weber 0-0: Foul Ball, location: 2F
0-1: Ball
1-1: Ball
2-1: Swinging Strike
2-2: Strikes out swinging
Batting: LHB Rex Creswell 0-0: Fly out, F8 (Line Drive, 8LM, EV 91.9 MPH)
Batting: RHB Ron Essink 0-0: Ball
1-0: Ball
2-0: Called Strike
2-1: Ball
3-1: Ground out 6-3 (Groundball, 6, EV 93.1 MPH)
Bottom of the 8th over - 0 runs, 0 hits, 0 errors, 0 left on base; Clemson University 1 - Washington State University 0
TOP OF THE 9TH
Clemson University Tigers batting - Pitching for Washington State University Cougars : RHP Manuel Santiago
Pitching: RHP Jose Flores
Batting: LHB Mario Nunez 0-0: Ball
1-0: Ball
2-0: Ball
3-0: Called Strike
3-1: Base on Balls
Batting: LHB Steve Gates 0-0: Ball
1-0: Reached on error, E1 (Groundball, 15S, EV 43.8 MPH)
Mario Nunez to third
Batting: RHB Marco Maggs 0-0: SINGLE (Groundball, 56, EV 96.9 MPH)
Mario Nunez scores
Steve Gates to third
Batting: RHB David Rhodes 0-0: Called Strike
0-1: Swinging Strike
0-2: Ball
1-2: SINGLE (Flyball, 8RD, EV 93.8 MPH)
Steve Gates scores
Marco Maggs to second
Batting: RHB Josh LeSage 0-0: Ball
1-0: Called Strike
1-1: Foul Ball, location: 2F
1-2: Strikes out swinging
Batting: RHB Jason Duncan 0-0: Ball
1-0: Called Strike
1-1: Ball
2-1: Ball
3-1: Called Strike
3-2: Ground out 3-1 (Groundball, 34S, EV 75.6 MPH)
Marco Maggs to third
David Rhodes to second
Pitching: RHP Teddy Barber
Batting: LHB George Jedinak 0-0: Ball
1-0: Ball
2-0: Foul Ball, location: 2F
2-1: Ball
3-1: Foul Ball, location: 2F
3-2: Strikes out swinging
Top of the 9th over - 2 runs, 2 hits, 1 error, 2 left on base; Clemson University 3 - Washington State University 0
BOTTOM OF THE 9TH
Washington State University Cougars batting - Pitching for Clemson University Tigers : LHP Jonathan Hughes
Pitching: LHP Salvatore Vasquez
Batting: RHB Miguel Paredes 0-0: Ball
1-0: Foul Ball, location: 2F
1-1: Foul Ball, location: 2F
1-2: Fly out, F4 (Popup, 4S, EV 77.5 MPH)
Batting: SHB Juan Delanoval 0-0: Foul Ball, location: 2F
0-1: Swinging Strike
0-2: Ball
1-2: SINGLE (Flyball, 89M, EV 87.5 MPH)
Pinch Hitting: RHB Dave DeLaMater 0-0: Called Strike
0-1: Ball
1-1: Swinging Strike
1-2: Strikes out looking
Batting: LHB Willy Berrios 0-0: Fielders Choice at 2nd, 6-4 (Groundball, 6, EV 85.6 MPH)
Bottom of the 9th over - 0 runs, 1 hit, 0 errors, 1 left on base; Clemson University 3 - Washington State University 0
Tuesday, March 28th , 2023 - OOTP Baseball 23.10 Build 110